 Dungeon Crawl Stone Soup version 0.16-a0-1858-gba9b1e2 (webtiles) character file.

2232 ztt the Cleaver (level 9, -3/81 HPs)
             Began as a Minotaur Fighter on Nov 4, 2014.
             Was an Elder of Okawaru.
             Killed by divine providence
             ... invoked by an orc priest
              (12 damage)
             ... on level 8 of the Dungeon.
             The game lasted 00:07:54 (5273 turns).

ztt the Cleaver (Minotaur Fighter)                  Turns: 5273, Time: 00:07:55

Health: -3/81      AC: 15    Str: 20 (24) XL:     9   Next: 14%
Magic:  4/4        EV:  4    Int:  5      God:    Okawaru [****..]
Gold:   394        SH:  9    Dex: 10      Spells: 0 memorised, 8 levels left

rFire  . . .     SeeInvis .     a - +0 war axe
rCold  . . .     Clarity  .     w - +0 plate armour
rNeg   . . .     SustAb   .     c - +0 shield
rPois  +         Gourm    .     (helmet restricted)
rElec  .         Spirit   .     D - +0 cloak
rCorr  .         Warding  .     (no gloves)
rMut   .         Stasis   .     (no boots)
MR     .....                    o - amulet of faith
Stlth  ..........               (no ring)
                                v - ring of poison resistance

@: lethally poisoned, not resistant to hostile enchantments, extremely
unstealthy
A: retaliatory headbutt, horns 2
a: Heroism, Renounce Religion


You were on level 8 of the Dungeon.
You worshipped Okawaru.
Okawaru was greatly pleased with you.
You were not hungry.

You visited 1 branch of the dungeon, and saw 8 of its levels.

You collected 394 gold pieces.

Inventory:

Hand weapons
 a - a +0 war axe (weapon)
Armour
 c - a +0 shield (worn)
 w - a +0 plate armour (worn)
 D - a +0 cloak (worn)
Jewellery
 g - a cursed amulet of guardian spirit
 h - an uncursed ring of fire
 o - an amulet of faith (around neck)
 v - a ring of poison resistance (left hand)
 A - an uncursed ring of ice
 J - an uncursed amulet of resist mutation {unknown}
Magical devices
 b - a wand of disintegration (11)
 n - a wand of digging (19)
 q - a wand of confusion (36)
 s - a wand of cold (5)
Scrolls
 f - 8 scrolls of remove curse
 x - 3 scrolls of teleportation
 y - a scroll of fog
 z - a scroll of immolation {unknown}
 B - a scroll of identify
 F - a scroll of blinking
 I - a scroll of acquirement {unknown}
Potions
 e - a potion of might
 i - a potion of magic
 j - a potion of curing
 l - a potion of agility
 m - a potion of brilliance
 p - a potion of haste
 t - a potion of resistance
 u - a potion of restore abilities
 C - a potion of lignification
 H - a potion of heal wounds {unknown}
Books
 G - a book of Wizardry

   Spells                             Type                      Level
   Agony                              Necromancy                   5
   Force Lance                        Conjuration                  5
   Dispersal                          Translocation                6
   Haste                              Charms                       6
   Invisibility                       Hexes                        6
   Spellforged Servitor               Conjuration/Summoning        7
Comestibles
 d - 5 bread rations
 r - 2 meat rations
 E - a beef jerky


   Skills:
 + Level 8.2 Fighting
 + Level 9.9 Axes
 + Level 8.9 Armour
 - Level 3.6 Shields


You had 8 spell levels left.
You didn't know any spells.

Dungeon Overview and Level Annotations

Branches:
Dungeon (8/15)             Temple (0/1) D:5
   Lair: D:8-11

Altars:
Ashenzari
Makhleb
Okawaru
Ru
Trog
Xom
Yredelemnul
The Shining One

Shops:
D:7 [


Innate Abilities, Weirdness & Mutations

You reflexively headbutt those who attack you in melee.
You have a pair of horns on your head.


Message History

* * * LOW HITPOINT WARNING * * *
You hit the orc priest but do no damage.
The orc priest is severely wounded.
* * * LOW HITPOINT WARNING * * *
You feel very sick.
The orc priest looks braver.
You hit the orc priest but do no damage.
The orc priest is severely wounded.
* * * LOW HITPOINT WARNING * * *
You feel sick.
The orc priest hits you but does no damage.
Drink which item? (? for menu, Esc to quit)
There was something very wrong with that liquid!
You feel weakened.
It was a potion of degeneration.
* * * LOW HITPOINT WARNING * * *
You feel sick.
The orc priest calls down the wrath of Beogh upon you.
Something smites you!
You die...

..............####
#>.######.........)
..# ###.....####
..# #.......# # ..#
#.##..#.# #
##.#####.##.##.# #
#..............# #
#.o#####.##.##.# #
#.@#####.##.##.# #
#..............# #
#..########.##.# #
o..########).####
#.##.####
#......).......#
#.##...))
##########..##.#
#.##.####
##..##.#####.##.# #
...............#
......###.#.##.#


You could see an orc priest.

Vanquished Creatures
  Eustachio (D:7)
  Edmund (D:6)
  Menkaure (D:6)
  An orc warrior (D:8)
  An ogre (D:4)
  A sky beast (D:8)
  A phantom (D:5)
  3 ice beasts
  A centaur (D:8)
  Duvessa (D:6)
  A giant frog (D:6)
  2 scorpions
  A hippogriff skeleton (D:8)
  Dowan (D:6)
  A crimson imp (D:5)
  3 hounds
  A giant frog skeleton (D:6)
  2 iguanas
  2 orc priests (D:8)
  4 orc wizards
  6 worker ants
  Ijyb (D:2)
  A gnoll (D:1)
  8 adders
  A giant mite (D:1)
  A shadow imp (D:7)
  3 worms
  An iguana skeleton (D:7)
  4 giant geckos
  4 oozes
  16 orcs
  12 bats
  A bat zombie (D:6)
  4 giant cockroaches
  13 goblins
  17 hobgoblins
  11 jackals
  11 kobolds
  4 quokkas
  A giant gecko skeleton (D:4)
  10 giant newts
  A gnoll skeleton (D:5)
  A hobgoblin skeleton (D:7)
  A kobold skeleton (D:7)
  18 rats
181 creatures vanquished.

Vanquished Creatures (others)
  An orc wizard (D:8)
  5 toadstools (D:1)
6 creatures vanquished.

Grand Total: 187 creatures vanquished

Notes
Turn   | Place    | Note
--------------------------------------------------------------
     0 | D:1      | ztt, the Minotaur Fighter, began the quest for the Orb.
     0 | D:1      | Reached XP level 1. HP: 19/19 MP: 1/1
   103 | D:1      | Reached skill level 4 in Fighting
   110 | D:1      | Reached XP level 2. HP: 27/27 MP: 1/1
   270 | D:1      | Reached XP level 3. HP: 34/34 MP: 2/2
   702 | D:2      | Found an iron altar of Okawaru.
   735 | D:2      | Became a worshipper of Warmaster Okawaru
   936 | D:2      | Noticed Ijyb
   961 | D:2      | Reached XP level 4. HP: 33/41 MP: 2/2
  1054 | D:2      | Found a burning altar of Makhleb.
  1054 | D:2      | Noticed a balrug
  1177 | D:2      | Killed Ijyb
  1343 | D:2      | Reached skill level 5 in Fighting
  1435 | D:3      | Reached XP level 5. HP: 22/48 MP: 2/2
  1835 | D:3      | Found a glowing golden altar of the Shining One.
  1890 | D:3      | Reached skill level 5 in Armour
  2439 | D:4      | Reached XP level 6. HP: 52/56 MP: 3/3
  2648 | D:4      | Reached skill level 5 in Axes
  2667 | D:4      | Noticed an ogre
  2670 | D:4      | Killed an ogre
  2670 | D:4      | Acquired Okawaru's first power
  2846 | D:4      | Reached skill level 6 in Armour
  3028 | D:5      | Entered Level 5 of the Dungeon
  3035 | D:5      | Found a staircase to the Ecumenical Temple.
  3114 | D:5      | Reached XP level 7. HP: 61/63 MP: 3/3
  3371 | D:5      | Found a glowing golden altar of the Shining One.
  3677 | D:6      | Reached skill level 7 in Axes
  3868 | D:6      | Noticed Edmund
  3885 | D:6      | Killed Edmund
  3915 | D:6      | Reached XP level 8. HP: 48/71 MP: 3/3
  4035 | D:6      | Noticed Menkaure
  4042 | D:6      | Killed Menkaure
  4124 | D:6      | Noticed Duvessa
  4126 | D:6      | Noticed Dowan
  4136 | D:6      | Killed Dowan
  4153 | D:6      | Killed Duvessa
  4153 | D:6      | Reached skill level 8 in Axes
  4492 | D:7      | Found a basalt altar of Yredelemnul.
  4493 | D:7      | Found a shattered altar of Ashenzari.
  4494 | D:7      | Found a bloodstained altar of Trog.
  4495 | D:7      | Found a shimmering altar of Xom.
  4496 | D:7      | Found a sacrificial altar of Ru.
  4653 | D:7      | Noticed Eustachio
  4670 | D:7      | Killed Eustachio
  4670 | D:7      | Reached skill level 9 in Axes
  4682 | D:7      | Found Utinus' Antique Armour Boutique.
  4946 | D:8      | Reached XP level 9. HP: 53/81 MP: 4/4
  5273 | D:8      | Killed from afar by an orc priest

Action                   |  1- 3 |  4- 6 |  7- 9 || total
-------------------------+-------+-------+-------++-------
Melee: War axe           |    93 |   196 |   279 ||   568
  Use: Scroll            |       |       |    23 ||    23
       Potion            |       |       |     2 ||     2
  Eat: Beef jerky        |       |     1 |       ||     1
       Bread ration      |       |     1 |       ||     1
       Meat ration       |       |       |     2 ||     2
